 Dungeon Crawl Stone Soup version 0.28-a0-883-gc8d7bad45d (webtiles) character file.

Game seed: 9436222729918189768

290 ytrimaz the Covered (level 6, -1/48 HPs)
             Began as a Demonspawn Fighter on Nov 22, 2021.
             Slain by Pikel (5 damage)
             ... on level 6 of the Dungeon.
             The game lasted 00:03:56 (3136 turns).

ytrimaz the Covered (Demonspawn Fighter)            Turns: 3136, Time: 00:03:56

Health: -1/48      AC:  8    Str: 19    XL:     6   Next: 9%
Magic:  6/6        EV: 12    Int:  9    God:
Gold:   84         SH:  4    Dex: 12    Spells: 5/5 levels left

rFire   . . .      SeeInvis .   a - +0 war axe
rCold   . . .      Faith    .   c - +0 buckler
rNeg    . . .      Spirit   .   b - +0 scale mail
rPois   .          Reflect  .   h - +0 helmet
rElec   .          Harm     .   (no cloak)
rCorr   .          Rampage  .   (no gloves)
Will    .....                   (no boots)
Stlth   ..........              (no amulet)
HPRegen 0.16/turn               (no ring)
MPRegen 0.10/turn               (no ring)

@: mighty
A: repulsion field 2, demonic guardian 1, powered by death 1
a: no special abilities


You were on level 6 of the Dungeon.
You visited 1 branch of the dungeon, and saw 4 of its levels.

You collected 84 gold pieces.

Inventory:

Hand Weapons
 a - a +0 war axe (weapon)
Armour
 b - a +0 scale mail (worn)
 c - a +0 buckler (worn)
 h - a +0 helmet (worn)
Wands
 l - a wand of flame (11)
Scrolls
 e - a scroll of enchant weapon
 f - a scroll of noise
 i - a scroll of vulnerability
 k - a scroll of fog
 n - a scroll of teleportation
Potions
 j - a potion of ambrosia


   Skills:
 + Level 3.9 Fighting
 + Level 3.8 Axes
 + Level 4.1 Armour
 + Level 3.3 Shields


You had 5 spell levels left.
You didn't know any spells.
Your spell library contained the following spells:

 Spells                   Type           Power      Damage    Failure   Level
 Stone Arrow              Conj/Erth      0%         3d7       98%         3
 Tukima's Dance           Hex            0%         N/A       98%         3
 Animate Armour           Summ/Erth      0%         N/A       100%        4
 Passage of Golubria      Tloc           0%         N/A       100%        4
 Yara's Violent Unravell  Hex/Tmut       0%         3d3       100%        5
 Lehudib's Crystal Spear  Conj/Erth      0%         10d2      100%        8


Dungeon Overview and Level Annotations

Branches:
Dungeon (3/15)

Altars:

Annotations:
D:6 Pikel


Innate Abilities, Weirdness & Mutations

You are surrounded by a moderate repulsion field. (EV +3)
A weak demonic guardian rushes to your aid.
You regenerate a little health from kills.


Message History

An endoplasm comes into view.
The endoplasm quivers.
An endoplasm is nearby!
An endoplasm is nearby!
Found a spear.
The endoplasm barely misses you.
You slash the endoplasm!
You kill the endoplasm!
Found an escape hatch in the ceiling.
Found a stone staircase leading up and a stone staircase leading down.
You fall into a shaft and drop 3 floors!
The shaft crumbles and collapses.
An orc wizard, 4 lemures, a shadow imp and Pikel come into view.
Pikel is wielding a +1 whip of flaming.
Pikel shouts!
The lemure shouts! x3; You hear a shout! x2
Found a Trismegistus Codex and 19 bolts.
Found a stone staircase leading up.
There are monsters nearby!
You feel very mighty all of a sudden.
The orc wizard points at you and mumbles some strange words.
The puff of flame hits you! You block the lemure's attack.
The lemure hits you but does no damage.
You miss Pikel. You closely miss the lemure. You slash the lemure!
You barely miss the lemure. Pikel hits you but does no damage.
The lemure closely misses you.
The orc wizard points at you and mumbles some strange words.
The magic dart hits you! The lemure hits you.
The lemure hits you but does no damage. Pikel closely misses you.
You barely miss Pikel. You slash the lemure! You closely miss the lemure.
You miss the lemure. The shadow imp gestures at you.
Pain shoots through your body!
* * * LOW HITPOINT WARNING * * *
The lemure hits you!
* * * LOW HITPOINT WARNING * * *
A demonic guardian appears!
The lemure hits you.
* * * LOW HITPOINT WARNING * * *
An orc comes into view.
It is wielding a +1 short sword of venom.
Pikel hits you with a +1 whip of flaming.
You die...

###. ......
...... ......#
......5##
(.......########
.....:.........#
.oo.....@K5....#
.......555.....#
.......5...<...#
#######..#######
#..# #..# #.##
###


You could see Pikel, 4 lemures, an orc wizard, a shadow imp, an orc and a
friendly shadow imp (summoned).

Vanquished Creatures
  Ijyb (D:3)
  Terence (D:1)
  Natasha (thrice) (D:2)
  4 gnolls
  4 adders
  A worm (D:2)
  A dart slug (D:2)
  4 orcs (D:3)
  6 ball pythons
  9 endoplasms
  A giant cockroach (D:2)
  9 goblins
  4 hobgoblins
  3 kobolds
  9 quokkas
  2 bats (D:1)
  5 frilled lizards
  6 rats
73 creatures vanquished.

Vanquished Creatures (collateral kills)
  An adder (D:3)
1 creature vanquished.

Grand Total: 74 creatures vanquished

Notes
Turn   | Place    | Note
-------+----------+-------------------------------------------
     0 | D:1      | ytrimaz the Demonspawn Fighter began the quest for the Orb.
     0 | D:1      | Reached XP level 1. HP: 18/18 MP: 1/1
   228 | D:1      | Gained mutation: You regenerate a little health from kills.
                  | [demonic ancestry]
   228 | D:1      | Reached XP level 2. HP: 15/24 MP: 2/2
   579 | D:1      | Reached skill level 3 in Armour
  1007 | D:2      | Reached XP level 3. HP: 11/29 MP: 3/3
  1346 | D:2      | Noticed Natasha
  1359 | D:2      | Killed Natasha
  1421 | D:2      | Gained mutation: You are surrounded by a mild repulsion
                  | field. (EV +2) [demonic ancestry]
  1421 | D:2      | Reached XP level 4. HP: 35/35 MP: 4/4
  1572 | D:2      | Noticed Natasha
  1579 | D:2      | Killed Natasha
  1669 | D:2      | Noticed Natasha
  1672 | D:2      | Killed Natasha
  1784 | D:2      | Gained mutation: You are surrounded by a moderate repulsion
                  | field. (EV +3) [demonic ancestry]
  1784 | D:2      | Reached XP level 5. HP: 31/41 MP: 5/5
  1864 | D:2      | Noticed Terence
  2123 | D:1      | Killed Terence
  2665 | D:3      | Noticed Ijyb
  2685 | D:3      | Killed Ijyb
  2686 | D:3      | Reached skill level 4 in Armour
  2876 | D:3      | Found a faded altar of an unknown god.
  2891 | D:3      | Gained mutation: A weak demonic guardian rushes to your
                  | aid. [demonic ancestry]
  2891 | D:3      | Reached XP level 6. HP: 48/48 MP: 6/6
  3132 | D:3      | You fall into a shaft and drop 3 floors!
  3132 | D:6      | Noticed Pikel
  3136 | D:6      | Slain by Pikel

Illustrated notes

Levels and vault maps discovered:
D:1:      dpeg_arrival_pits, layout_loops_ring, roderic_st_hans_cross,
          minmay_hexomino_f4
D:2:      layout_rooms, minmay_misc_feat_encased, uniq_natasha, uniq_terence
D:3:      layout_rooms, mainiacjoe_overflow_concentric_impassable,
          ebering_ecumenical_altar_abandoned, uniq_ijyb
D:6:      layout_rooms, nicolae_grassy_gnolls, uniq_pikel

Skill      XL: |  1  2  3  4  5 |
---------------+----------------+-----
Axes           | 2 3 |  3.8
Armour         | 3 4 |  4.1
Shields        | 3 |  3.3
Fighting       | |  3.9

Action                   |  1- 3 |  4- 6 || total
-------------------------+-------+-------++-------
Melee: War axe           |    97 |   138 ||   235
  Use: Scroll            |     3 |     3 ||     6
       Potion            |     1 |     1 ||     2
Armor: Scale mail        |    53 |    65 ||   118
Dodge: Dodged            |    65 |   120 ||   185
Block: Buckler           |    22 |    51 ||    73

Table legend: (Time is in decaauts)
 A = Elapsed time spent in this place.
 B = Non-inter-level travel time spent in this place.
 C = Inter-level travel time spent in this place.
 D = Time resting spent in this place.
 E = Time spent auto-exploring this place.
 F = Levels seen in this place.
 G = Mean time per level.
                   A        B        C        D        E       F      G
               +--------+--------+--------+--------+--------+-----+--------+
         Total |   3228 |   3001 |    227 |    649 |   1679 |   4 |  807.0 |
       Dungeon |   3228 |   3001 |    227 |    649 |   1679 |   4 |  807.0 |
               +--------+--------+--------+--------+--------+-----+--------+

Top non-repeatable levels by time:
     D:1: 1521 daAuts
     D:2: 1302 daAuts
     D:3: 400 daAuts
     D:6: 4 daAuts
